 Dungeon Crawl Stone Soup version 0.22.1-1-ga44c0e56f4 (webtiles) character file.

434 Gargoyl the Skirmisher (level 6, -15/56 HPs)
             Began as a Centaur Abyssal Knight on Oct 27, 2018.
             Was a Believer of Lugonu.
             Killed from afar by an electric eel (16 damage)
             ... with a bolt of electricity
             ... on level 3 of the Dungeon.
             The game lasted 00:10:29 (2599 turns).

Gargoyl the Skirmisher (Centaur Abyssal Knight)     Turns: 2599, Time: 00:10:29

Health: -15/56     AC: 11    Str: 15    XL:     6   Next: 67%
Magic:  8/8        EV:  1    Int: 11    God:    Lugonu [**....]
Gold:   145        SH:  3    Dex: 10    Spells: 5/5 levels left

rFire    . . .     SeeInvis .   m - +0 hand axe (vamp)
rCold    + . .     Gourm    .   q - +0 buckler
rNeg     . . .     Faith    .   e - +2 plate armour
rPois    .         Spirit   .   (no helmet)
rElec    .         Reflect  .   d - scarf {repulsion}
rCorr    .         Harm     .   (no gloves)
MR       .....                  (no barding)
Stlth    ..........             (no amulet)
HPRegen  0.18/turn              i - ring of protection from cold
MPRegen  0.11/turn              (no ring)

@: hasted, repel missiles, very quick
A: large, hooves 3, deformed body, speed 2, tough skin 3
a: Depart the Abyss, Bend Space, Renounce Religion


You were on level 3 of the Dungeon.
You worshipped Lugonu.
Lugonu was pleased with you.
You were not hungry.

You visited 1 branch of the dungeon, and saw 3 of its levels.
You visited the Abyss 1 time.

You collected 145 gold pieces.

Inventory:

Hand Weapons
 a - a +2 hand axe
 m - a +0 vampiric hand axe (weapon)
Armour
 d - a scarf of repulsion (worn)
 e - a +2 plate armour (worn)
 q - a +0 buckler (worn)
Jewellery
 i - a ring of protection from cold (left hand)
Wands
 s - a wand of flame (20)
Scrolls
 b - a scroll of fog
 l - 2 scrolls of teleportation
 n - 2 scrolls of remove curse
 o - a scroll of amnesia
 p - a scroll of identify {unknown}
Potions
 g - a potion of resistance {unknown}
 h - 3 potions of brilliance {unknown}
 j - 2 potions of curing {unknown}
 k - a potion of might {unknown}
 r - a potion of heal wounds {unknown}
Comestibles
 c - 6 rations


   Skills:
 + Level 5.1 Fighting
 + Level 3.1 Axes
 * Level 3.0 Armour
 + Level 1.0 Dodging
 * Level 3.5 Invocations
 + Level 0.1 Evocations


You had 5 spell levels left.
You didn't know any spells.
Your spell library was empty.

Dungeon Overview and Level Annotations

Branches:
Dungeon (3/15)

Altars:
Ashenzari
Cheibriados
Fedhas
Okawaru
Qazlal
Vehumet
Yredelemnul
The Shining One

Annotations:
D:3 1 transporter


Innate Abilities, Weirdness & Mutations

You have hooves in place of feet.
Armour fits poorly on your strangely shaped body.
You cover ground very quickly.
You have extremely tough skin. (AC +3)


Message History

You hit the electric eel. You kick the electric eel.
You kill the electric eel!
Lugonu accepts your kill.
Your Armour skill increases to level 3!
The electric eel shoots out a bolt of lightning at you!
The bolt of electricity hits you!
* * * LOW HITPOINT WARNING * * *
You barely miss the electric eel. You kick the electric eel!
The electric eel is heavily wounded.
You hit the electric eel.
The electric eel is severely wounded.
The electric eel shoots out a bolt of lightning at you!
The bolt of electricity hits you!
* * * LOW HITPOINT WARNING * * *
Unknown command.
You closely miss the electric eel.
The electric eel is severely wounded.
The electric eel shoots out a bolt of lightning at you!
The bolt of electricity hits you!
You die...

#.#8.©.8#.# ...
#.#P.?.P#.# ...
#.###+###.#
...#.#≈...≈#.#
..#.#≈...≈#.#
#####.#.#≈...≈#.#
......#.#≈.⌠.≈#.#
........#≈...≈#.#
.....#..#≈..@;#.#
..#. #..#≈...≈#.#
..#.##..###'###.#
........#P...P#.#
..#.##..#8.©.8#.#
#.....#######.#
####.....©....#
#.......####
####...##


You could see an electric eel.

Vanquished Creatures
  A wraith (Abyss:3)
  An electric eel (D:3)
  A quasit (Abyss:3)
  An orc priest (D:3)
  2 orc wizards (D:3)
  4 gnolls
  3 adders (D:2)
  A worm (D:2)
  A dart slug (D:2)
  A leopard gecko (D:2)
  3 orcs (D:3)
  4 bats (D:1)
  5 giant cockroaches
  3 goblins
  7 hobgoblins
  3 jackals (D:2)
  2 ball pythons
  4 frilled lizards (D:2)
  9 kobolds
  2 rats
58 creatures vanquished.

Vanquished Creatures (others)
  2 fungi (D:3)
  A lurking horror (Abyss:3)
3 creatures vanquished.

Grand Total: 61 creatures vanquished

Notes
Turn   | Place    | Note
-------+----------+-------------------------------------------
     0 | Abyss:1  | Gargoyl the Centaur Abyssal Knight began the quest for the
                  | Orb.
     0 | Abyss:1  | Reached XP level 1. HP: 19/19 MP: 2/2
    78 | Abyss:2  | Noticed a worldbinder
    80 | Abyss:2  | Noticed a naga
    88 | Abyss:2  | Noticed a mana viper
    92 | Abyss:2  | Noticed a black mamba
    92 | Abyss:2  | Noticed a black mamba
    92 | Abyss:2  | Noticed a black mamba
    94 | Abyss:2  | Noticed a wraith
   163 | Abyss:3  | Noticed a wraith
   179 | Abyss:3  | Killed a wraith
   179 | Abyss:3  | Reached skill level 5 in Fighting
   179 | Abyss:3  | Reached XP level 2. HP: 21/29 MP: 3/3
   180 | Abyss:3  | Reached XP level 3. HP: 26/36 MP: 4/4
   180 | Abyss:3  | Reached XP level 4. HP: 31/42 MP: 5/5
   180 | Abyss:3  | Reached XP level 5. HP: 35/48 MP: 6/6
   211 | Abyss:3  | Noticed an air elemental
   213 | D:1      | Escaped the Abyss
   614 | D:1      | Reached skill level 1 in Dodging
  1039 | D:2      | Found a radiant altar of Vehumet.
  1043 | D:2      | Found an iron altar of Okawaru.
  1109 | D:2      | Found a glowing golden altar of the Shining One.
  1116 | D:2      | Reached * piety under Lugonu
  1520 | D:2      | Reached XP level 6. HP: 56/56 MP: 8/8
  1643 | D:2      | Found a stormy altar of Qazlal.
  2024 | D:2      | Found a shattered altar of Ashenzari.
  2211 | D:3      | Found a blossoming altar of Fedhas.
  2471 | D:3      | Reached ** piety under Lugonu
  2513 | D:3      | Found a basalt altar of Yredelemnul.
  2543 | D:3      | Found a snail-covered altar of Cheibriados.
  2548 | D:3      | Found a transporter.
  2565 | D:3      | Found a transporter.
  2598 | D:3      | HP: 1/56 [electric eel/bolt of electricity (9)]
  2599 | D:3      | Killed from afar by an electric eel

Skill      XL: |  1  2  3  4  5  6 |
---------------+-------------------+-----
Fighting       | 5 |  5.1
Axes           | 2 3 |  3.1
Armour         | 2 3 |  3.0
Dodging        | 1 |  1.0
Invocations    | 3 |  3.5
Evocations     | |  0.1

Action                   |  1- 3 |  4- 6 || total
-------------------------+-------+-------++-------
Melee: Hand axe          |       |   218 ||   218
       Kick              |       |    54 ||    54
Invok: Depart the Abyss  |       |     1 ||     1
Evoke: Wand              |     3 |     2 ||     5
  Use: Scroll            |     2 |     8 ||    10
       Potion            |     1 |     1 ||     2
  Eat: Chunk             |       |     5 ||     5
       Ration            |       |     1 ||     1
Armor: Plate armour      |       |   199 ||   199
Dodge: Dodged            |       |    14 ||    14
       Deflected         |       |     2 ||     2
Block: Buckler           |       |     1 ||     1
